 Dungeon Crawl Stone Soup version 0.31-a0-182-gc5ef74bbde (webtiles) character file.

Game seed: 2955405694609704789

402 qw the Chopper (level 6, -16/39 HPs)
             Began as a Gargoyle Fighter on June 21, 2023.
             Demolished by an ogre
             ... wielding a +0 giant spiked club
              (18 damage)
             ... on level 5 of the Dungeon.
             The game lasted 00:01:29 (3315 turns).

qw the Chopper (Gargoyle Fighter)                   Turns: 3315, Time: 00:01:29

Health: -16/39     AC: 15    Str: 22    XL:     6   Next: 85%
Magic:  6/6        EV:  8    Int:  8    God:
Gold:   328        SH:  4    Dex:  9    Spells: 5/5 levels left

rFire   . . .        Y - +0 war axe
rCold   . . .        c - +0 buckler
rNeg    + . .        a - +0 chain mail
rPois   inf          o - +0 helmet
rElec   +            (no cloak)
rCorr   .            f - +0 pair of gloves
SInv    .            (no boots)
Will    .....        (no amulet) Stlth
                     (no ring)
HPRegen 0.26/turn    (no ring)
MPRegen 0.10/turn

%: no passive effects
@: no status effects
A: sickness immunity, AC +4, negative energy resistance 1, electricity
resistance, torment resistance 1, petrification resistance
a: no special abilities


You were on level 5 of the Dungeon.
You visited 1 branch of the dungeon, and saw 5 of its levels.

You collected 328 gold pieces.


Innate Abilities, Weirdness & Mutations

You are immune to sickness and miasma.
Your stone body is resilient. (AC +4)
You are immune to poison.
You resist negative energy. (rN+)
You are resistant to electric shocks. (rElec)
You are resistant to unholy torment.
You are immune to petrification.


   Skills:
 - Level 4.5 Fighting
 + Level 5.7 Axes
 - Level 1.1 Throwing
 - Level 3.2 Armour
 - Level 3.2 Shields


You had 5 spell levels left.
You didn't know any spells.
Your spell library was empty.

Inventory:

Hand Weapons
 p - a +0 flail
 Y - a +0 war axe (weapon)
Armour
 a - a +0 chain mail (worn)
 c - a +0 buckler (worn)
 f - a +0 pair of gloves (worn)
 o - a +0 helmet (worn)
Scrolls
 n - a scroll of identify
Potions
 d - 2 potions of might
 e - a potion of mutation {unknown}
 g - a potion of haste {unknown}
 h - a potion of lignification {unknown}
 i - a potion of magic {unknown}
 k - a potion of enlightenment

Dungeon Overview and Level Annotations

Branches:
Dungeon (5/15)
 Temple: D:4-7

Altars:
Uskayaw
Vehumet


Message History

The scorpion is severely wounded.
The scorpion stings you but does no damage.
You slash the scorpion!
You kill the scorpion!
You see here a scorpion corpse.
Found a war axe.
There is a stone staircase leading down here.
l - a silver javelin You now have 328 gold pieces (gained 7).
An ogre comes into view. It is wielding a +0 giant spiked club.
You throw a silver javelin.
The silver javelin pierces through the ogre!
The ogre is moderately wounded.
You barely miss the ogre.
The ogre is moderately wounded.
The ogre barely misses you.
You hit the ogre.
The ogre is heavily wounded.
The ogre barely misses you.
You hit the ogre but do no damage.
The ogre is heavily wounded.
The ogre hits you with a +0 giant spiked club!
You barely miss the ogre.
The ogre is heavily wounded.
The ogre hits you with a +0 giant spiked club!
You hit the ogre.
The ogre is severely wounded.
The ogre barely misses you.
You hit the ogre but do no damage.
The ogre is severely wounded.
The ogre hits you with a +0 giant spiked club.
You barely miss the ogre.
The ogre is severely wounded.
You hit the ogre.
The ogre is severely wounded.
The ogre hits you with a +0 giant spiked club!
You hit the ogre but do no damage.
The ogre is severely wounded.
The ogre hits you with a +0 giant spiked club!!
You die...

.# .# # .# ## #. .#
.. ###.######.#
#.## ...........#
#..#### #......#.)#
......# #.......@.#
......# #.......#O#
......# #......##(#
......###(......#.#
......'..%>.....#.#
......####......#..
......# #......#.#
.....)# #......#.#
......# ########


You could see an ogre.

Vanquished Creatures
  A kobold brigand (D:4)
  A scorpion (D:5)
  A hound (D:4)
  A jelly (D:5)
  A sleepcap (D:4)
  2 iguanas
  3 gnolls (D:4)
  3 adders
  4 worms
  A dart slug (D:4)
  3 orcs
  A bat (D:1)
  6 endoplasms
  5 giant cockroaches
  4 goblins (D:1)
  8 hobgoblins
  2 jackals (D:2)
  3 quokkas
  5 ball pythons
  2 frilled lizards
  6 kobolds
  6 rats
69 creatures vanquished.

Notes
Turn   | Place    | Note
-------+----------+-------------------------------------------
     0 | D:1      | qw the Gargoyle Fighter began the quest for the Orb.
     0 | D:1      | Reached XP level 1. HP: 14/14 MP: 1/1
     0 | D:1      | 0 ||| qw: Version: 0.3-a-9-g12657ce
     0 | D:1      | 0 ||| qw: Game counter: 1588
     0 | D:1      | 0 ||| qw: Always use a shield: true
     0 | D:1      | 0 ||| qw: God list: Okawaru
     0 | D:1      | 0 ||| qw: Allow faded altars: false
     0 | D:1      | 0 ||| qw: Do Orc after D:15 true
     0 | D:1      | 0 ||| qw: Do second Lair branch before Depths: true
     0 | D:1      | 0 ||| qw: Lair rune preference: random
     0 | D:1      | 0 ||| qw: Plans: Normal, Zot:1-4, Slime:5, God:TSO, Crypt,
                  | Tomb, Abyss, Pan, Hells, Win
     0 | D:1      | 0 ||| PLANNING D:1-11
    43 | D:1      | Reached skill level 2 in Axes
    75 | D:1      | Found a faded altar of an unknown god.
    79 | D:1      | 79 ||| Stepping ~*~*~tactically~*~*~ (hiding).
   172 | D:1      | Reached XP level 2. HP: 19/19 MP: 2/2
   271 | D:1      | 271 ||| Stepping ~*~*~tactically~*~*~ (stealth).
   454 | D:1      | 454 ||| DROPPING +0 club.
   558 | D:1      | 558 ||| UPGRADING to +0 pair of gloves.
   563 | D:1      | 563 ||| READING scroll labelled ODOR RUARROKK.
   581 | D:2      | Reached skill level 3 in Axes
   653 | D:2      | Reached XP level 3. HP: 19/23 MP: 3/3
  1085 | D:2      | Reached XP level 4. HP: 28/28 MP: 4/4
  1496 | D:2      | Reached skill level 4 in Axes
  1503 | D:2      | 1503 ||| READING scroll labelled LOJITS UHIERR.
  1504 | D:2      | 1504 ||| READING scroll labelled TIBRUEVY URCHO.
  1505 | D:2      | 1505 ||| DRINKING 2 lumpy blue potions.
  2358 | D:3      | 2358 ||| UPGRADING to +0 chain mail.
  2368 | D:3      | 2368 ||| DROPPING +0 scale mail.
  2369 | D:3      | 2369 ||| UPGRADING to +0 helmet.
  2374 | D:3      | 2374 ||| DROPPING ring of wizardry.
  2375 | D:3      | 2375 ||| READING scroll labelled BAMUBEOZIST.
  2637 | D:4      | Reached XP level 5. HP: 31/32 MP: 5/5
  2787 | D:4      | Reached skill level 1 in Throwing
  2947 | D:4      | Found a hide-covered altar of Uskayaw.
  2949 | D:4      | Found a radiant altar of Vehumet.
  3047 | D:4      | Noticed a kobold brigand
  3049 | D:4      | Reached skill level 5 in Axes
  3072 | D:4      | Killed a kobold brigand
  3073 | D:4      | Reached XP level 6. HP: 22/39 MP: 6/6
  3140 | D:4      | 3140 ||| DROPPING +0 whip.
  3182 | D:4      | 3182 ||| READING scroll labelled OCE UCYRAGA.
  3183 | D:4      | 3183 ||| READING scroll labelled XIHAXA TAULEO.
  3226 | D:5      | Entered Level 5 of the Dungeon
  3227 | D:5      | 3227 ||| PLANNING SEWER
  3314 | D:5      | HP: 2/39 [ogre/+0 giant spiked club (16)]
  3315 | D:5      | Demolished by an ogre

Levels and vault maps discovered:
D:1:      wheals_arrival_shading, layout_rooms,
          shapermc_ecumenical_altar_mp_urbaneastern, serial_bayou_pond_e
D:2:      layout_basic, minmay_misc_feat_nine_boxes, grunt_decor_resistance
D:3:      layout_basic, corexii_leaking_fountain, columned_hall_lemuel
D:4:      layout_cave_pods, minitemple
D:5:      minmay_chambers_of_threes, layout_basic,
          mainiacjoe_overflow_big_doors, portal_sewer_entry_b, uniq_pikel

Skill      XL: |  1  2  3  4  5 |
---------------+----------------+-----
Axes           | 2 3 4 5 |  5.7
Throwing       | 1 |  1.1
Fighting       | 4 |  4.5
Armour         | |  3.2
Shields        | |  3.2

Action                     |  1- 3 |  4- 6 || total
---------------------------+-------+-------++-------
  Melee: War axe           |    92 |   121 ||   213
  Throw: Javelin           |       |     9 ||     9
    Use: Scroll            |     1 |     5 ||     6
         Potion            |       |     1 ||     1
 Armour: Scale mail        |    30 |    18 ||    48
         Chain mail        |       |    41 ||    41
  Dodge: Dodged            |    40 |    48 ||    88
  Block: Buckler           |    13 |    14 ||    27

Table legend:
 A = Non-vault XP
 B = Vault XP
 C = Vault XP percentage of total XP
 D = Non-vault monster count
 E = Vault monster count
 F = Vault count percentage of total count
                 A         B        C        D         E       F
            +---------+---------+-------+---------+---------+-------
      Total |     575 |       0 |   0.0 |      69 |       0 |   0.0
            +---------+---------+-------+---------+---------+-------
        D:1 |      29 |       0 |   0.0 |      20 |       0 |   0.0
        D:2 |      73 |       0 |   0.0 |      23 |       0 |   0.0
        D:3 |      13 |       0 |   0.0 |       7 |       0 |   0.0
        D:4 |     296 |       0 |   0.0 |      15 |       0 |   0.0
        D:5 |     164 |       0 |   0.0 |       4 |       0 |   0.0
            +---------+---------+-------+---------+---------+-------
